 Dungeon Crawl Stone Soup version 0.18.1-5-g4a78601 (webtiles) character file.

52675 Ingvold the Fighter (level 14, -5/129 HPs)
             Began as a Hill Orc Fighter on May 10, 2016.
             Was the Champion of Okawaru.
             Slain by a six-headed hydra (7 damage)
             ... on level 8 of the Lair of Beasts.
             The game lasted 01:48:08 (17041 turns).

Ingvold the Fighter (Hill Orc Fighter)             Turns: 17041, Time: 01:48:12

Health: -5/129     AC: 32    Str: 30    XL:     14   Next: 65%
Magic:  13/20      EV: 11    Int:  8    God:    Okawaru [******]
Gold:   1252       SH: 17    Dex: 15    Spells: 0 memorised, 13 levels left

rFire  . . .     SeeInvis .     a - +8 broad axe of the Warrior-Mage {freeze, Str+2}
rCold  . . .     Gourm    .     S - +2 plate armour {MR+}
rNeg   . . .     Faith    +     c - +1 shield
rPois  .         Spirit   .     G - +2 helmet
rElec  .         Dismiss  .     J - +1 cloak
rCorr  +         Reflect  .     w - +2 pair of gloves {Dex+3}
SustAt .         Harm     .     i - +0 pair of boots
MR     ++...                    z - amulet "Juhoryp" {Faith *Corrode Str+4 Dex+2}
Stlth  ..........               n - ring of flight
                                x - ring of resist corrosion

@: about to teleport, heroism, finesse, very resistant to hostile enchantments,
extremely unstealthy
A: no striking features
a: Heroism, Finesse, Renounce Religion, Evoke Flight


You were on level 8 of the Lair of Beasts.
You worshipped Okawaru.
Okawaru was exalted by your worship.
You were hungry.

You visited 2 branches of the dungeon, and saw 18 of its levels.

You collected 1252 gold pieces.

Inventory:

Hand Weapons
 a - the +8 broad axe of the Warrior-Mage (weapon) {freeze, Str+2}
   (Okawaru gifted it to you on level 7 of the Lair of Beasts)

   It has been specially enchanted to freeze those struck by it, causing extra
   injury to most foes and up to half again as much damage against particularly
   susceptible opponents.
   It can also slow down cold-blooded creatures.
   It affects your strength (+2).
 b - the +9 mace of Scorn {crush, Str+5 Int+4}
   (You found it on level 4 of the Dungeon)

   It inflicts extra damage upon your enemies.
   It affects your strength (+5).
   It affects your intelligence (+4).
 v - the +2 glaive "Estreob" {chop, rElec MR+ Int-2 Dex+4}
   (You found it on level 4 of the Lair of Beasts)

   It inflicts extra damage upon your enemies.
   It affects your intelligence (-2).
   It affects your dexterity (+4).
   It insulates you from electricity.
   It affects your resistance to hostile enchantments.
 y - the +3 glaive "Qygab" {venom, rF+ MP+9 Int-5 Dex+3}
   (You found it on level 4 of the Lair of Beasts)

   It poisons the flesh of those it strikes.
   It affects your intelligence (-5).
   It affects your dexterity (+3).
   It protects you from fire.
   It affects your magic capacity (+9).
Armour
 c - a +1 shield (worn)
 i - a +0 pair of boots (worn)
 w - a +2 pair of gloves of dexterity (worn)
 B - a +0 hat of magic resistance
 G - a +2 helmet (worn)
 J - a +1 cloak (worn)
 S - a +2 plate armour of magic resistance (worn)
Jewellery
 l - an uncursed ring of protection from magic
 n - a ring of flight (right hand)
 x - a ring of resist corrosion (left hand)
 z - the amulet "Juhoryp" (around neck) {Faith *Corrode Str+4 Dex+2}
   (You found it on level 4 of the Lair of Beasts)

   [amulet of faith]

   It allows you to gain divine favour quickly.
   It affects your strength (+4).
   It affects your dexterity (+2).
   It may corrode you when you take damage.
 O - an uncursed ring of positive energy
Wands
 g - a wand of heal wounds (0/9)
 m - a wand of paralysis (9/24)
 I - a wand of digging (20/24)
 K - a wand of paralysis (3/24)
 M - a wand of polymorph (0/24)
 N - a wand of slowing (0/48)
 R - a wand of disintegration (6/24)
 W - a wand of slowing (26/48)
 X - a wand of disintegration (12/24)
Scrolls
 e - 2 scrolls of identify
 k - 2 scrolls of fog
 p - 3 scrolls of fear
 q - 7 scrolls of enchant armour
 r - 12 scrolls of teleportation
 t - 5 scrolls of remove curse
 A - a scroll of summoning
 D - 2 scrolls of enchant weapon
 H - a scroll of recharging
 Q - 2 scrolls of magic mapping
Potions
 j - 3 potions of curing
 o - 2 potions of flight
 u - 5 potions of might
 C - 4 potions of heal wounds
 P - 2 potions of haste
 T - 3 potions of agility
 Y - a potion of beneficial mutation {unknown}
Miscellaneous
 h - a phial of floods
 U - a lamp of fire
 V - a lamp of fire
Comestibles
 d - 5 chunks of flesh
 f - 10 bread rations
 s - 3 beef jerkies
 F - 10 fruits
 Z - a meat ration


   Skills:
 + Level 13.4(18.4) Fighting
 * Level 10.7(18.3) Axes
 - Level 11.4(17.6) Maces & Flails
 + Level 12.7(17.7) Armour
 + Level 12.3(17.3) Shields
 - Level 8.1 Invocations
 + Level 7.6 Evocations


You had 13 spell levels left.
You didn't know any spells.

Dungeon Overview and Level Annotations

Branches:
Dungeon (10/15)            Temple (0/1) D:6            Lair (8/8) D:10
  Swamp (0/4) Lair:5        Snake (0/4) Lair:6        Slime (0/6) Lair:7
    Orc (0/2) D:10

Altars:
Cheibriados
Elyvilon
Fedhas
Kikubaaqudgha
Makhleb
Okawaru
Sif Muna
Trog
The Shining One

Shops:
D:4 }   D:10 (


Message History

The six-headed hydra barely misses you.
The six-headed hydra bites you but does no damage.
The six-headed hydra bites you.
* * * LOW HITPOINT WARNING * * *
The six-headed hydra bites you.
* * * LOW HITPOINT WARNING * * *
The six-headed hydra bites you.
* * * LOW HITPOINT WARNING * * *
You block the six-headed hydra's attack.
Evoke which item? (* to show all) (? for menu, Esc to quit)
Zapping:
g - a wand of heal wounds {zapped: 3} (will waste charges)
Press: ? - help, Shift-Dir - straight line, f - you You feel much better.
Evoking this partially-identified wand wasted a few charges.
The lindwurm breathes flames at you. The blast of flame hits you!
* * * LOW HITPOINT WARNING * * *
You block the six-headed hydra's attack. x2
The six-headed hydra bites you!
You die...

.... .... . ♣ ....
..♣ ♣. ♣♣♣♣♣ ♣♣..#
♣..♣.♣♣♣♣...♣♣♣
♣..P##
♣...♣.......♣♣♣
♣....#
♣.SD@♣♣♣♣♣♣..♣♣♣....#
♣♣.k♣♣ ♣♣♣........
♣.♣♣ ♣♣♣.....P ♣.
♣♣♣..## ♣♣ ♣[...#
♣♣....# .....♣♣
♣♣♣♣♣....#.
.P...P.♣♣.......#.#
......PP...........##


You could see a six-headed hydra, a lindwurm and a black mamba.

Vanquished Creatures
  Rupert (Lair:3)
  Maud (Lair:6)
  Snorg (Lair:4)
  Harold (D:10)
  3 hydras
  13 death yaks
  The ghost of Gargoyl the Protected, a novice DsAK of Lugonu (D:10)
  Sonja (D:10)
  Nergalle (Lair:4)
  An unseen horror (D:10)
  An orange crystal statue (Lair:4)
  4 oklob plants (Lair:3)
  A griffon (Lair:2)
  5 black mambas
  An elephant (Lair:4)
  Joseph (D:7)
  14 spiny frogs
  2 torpor snails (Lair:5)
  A kobold demonologist (D:9)
  2 rime drakes
  4 komodo dragons
  A two-headed ogre (D:9)
  3 slime creatures (D:10)
  17 blink frogs
  A boulder beetle (Lair:8)
  56 yaks
  A shadow (D:9)
  2 wyverns (Lair:4)
  The ghost of vogonpoet the Chopper, an amateur HOFi (D:3)
  Eustachio (D:6)
  A human (D:10)
  3 basilisks
  12 hippogriffs
  Edmund (D:5)
  5 swamp worms (Lair:5)
  2 wargs (D:10)
  A mottled dragon (Lair:6)
  6 water moccasins
  8 porcupines
  2 ice beasts (D:9)
  5 orc warriors
  2 black bears
  3 sky beasts
  5 ogres
  A phantom (D:4)
  3 centaurs
  5 wolves
  11 crocodiles
  2 big kobolds
  11 giant frogs
  A water moccasin zombie (D:8)
  2 scorpions
  A wight (D:9)
  2 electric eels
  A howler monkey (D:6)
  4 crimson imps
  A centaur zombie (D:9)
  7 hounds
  8 orc priests
  A centaur skeleton (D:7)
  2 jellies
  11 orc wizards
  Crazy Yiuf (D:7)
  2 giant frog skeletons (D:5)
  9 iguanas
  5 worker ants
  8 sheep
  A worker ant zombie (D:7)
  3 gnolls (D:7)
  Robin (D:4)
  10 adders
  74 river rats
  A shadow imp (D:9)
  2 oozes
  An adder skeleton (D:4)
  An adder zombie (D:7)
  A dart slug (D:3)
  3 giant geckos
  53 orcs
  A ball python (D:3)
  2 bats
  3 giant cockroaches
  13 goblins
  9 hobgoblins
  7 jackals
  14 kobolds
  5 quokkas
  A giant gecko skeleton (D:7)
  6 giant newts
  A jackal skeleton (D:4)
  5 rats
  A fungus (Lair:8)
  4 plants
521 creatures vanquished.

Vanquished Creatures (collateral kills)
  A hydra (Lair:5)
  A crocodile (Lair:5)
2 creatures vanquished.

Vanquished Creatures (others)
  11 fungi
  13 plants
24 creatures vanquished.

Grand Total: 547 creatures vanquished

Notes
Turn   | Place    | Note
--------------------------------------------------------------
     0 | D:1      | Ingvold the Hill Orc Fighter began the quest for the Orb.
     0 | D:1      | Reached XP level 1. HP: 19/19 MP: 1/1
   104 | D:1      | Reached XP level 2. HP: 17/27 MP: 2/2
   820 | D:2      | Reached XP level 3. HP: 32/33 MP: 3/3
   845 | D:2      | Reached skill level 4 in Fighting
  1025 | D:2      | Reached XP level 4. HP: 34/40 MP: 4/4
  1302 | D:3      | Noticed vogonpoet's ghost (amateur HOFi)
  1396 | D:2      | Reached XP level 5. HP: 31/47 MP: 5/5
  1836 | D:3      | Found a deep blue altar of Sif Muna.
  1986 | D:3      | Found a glowing golden altar of the Shining One.
  1989 | D:3      | Reached XP level 6. HP: 34/53 MP: 6/6
  2090 | D:3      | Killed vogonpoet's ghost
  2090 | D:3      | Reached skill level 5 in Fighting
  2090 | D:3      | Reached skill level 5 in Axes
  2212 | D:4      | Found Kopsegg's Gadget Emporium.
  2322 | D:4      | Noticed a phantom
  2333 | D:4      | Killed a phantom
  2333 | D:4      | Reached skill level 5 in Armour
  2333 | D:4      | Reached skill level 5 in Shields
  2333 | D:4      | Reached XP level 7. HP: 59/61 MP: 7/7
  2382 | D:4      | Got a twisted mace
  2383 | D:4      | Identified the +9 mace of Scorn {crush, Str+5 Int+4} (You found it on level 4 of the Dungeon)
  2448 | D:4      | Noticed Robin
  2457 | D:4      | Killed Robin
  2771 | D:4      | Found a blossoming altar of Fedhas.
  2771 | D:4      | Found an iron altar of Okawaru.
  2772 | D:4      | Found a bloodstained altar of Trog.
  2777 | D:4      | Found a glowing golden altar of the Shining One.
  2778 | D:4      | Found a burning altar of Makhleb.
  2779 | D:4      | Found a white marble altar of Elyvilon.
  2782 | D:4      | Became a worshipper of Warmaster Okawaru
  2863 | D:5      | Entered Level 5 of the Dungeon
  2867 | D:5      | Reached skill level 1 in Maces & Flails
  3161 | D:5      | Reached skill level 6 in Fighting
  3161 | D:5      | Reached XP level 8. HP: 70/70 MP: 8/8
  3216 | D:5      | Reached * piety under Okawaru
  3251 | D:5      | Noticed Edmund
  3264 | D:5      | Killed Edmund
  3707 | D:6      | Noticed Eustachio
  3731 | D:6      | Killed Eustachio
  3731 | D:6      | Reached skill level 1 in Invocations
  3783 | D:6      | Found a staircase to the Ecumenical Temple.
  3802 | D:6      | Reached skill level 1 in Evocations
  3846 | D:6      | Got a scorched leather armour
  4301 | D:7      | Reached ** piety under Okawaru
  4348 | D:7      | Reached XP level 9. HP: 72/78 MP: 10/10
  4416 | D:7      | Reached skill level 7 in Fighting
  4437 | D:7      | Noticed Joseph
  4488 | D:7      | Killed Joseph
  4704 | D:7      | Reached *** piety under Okawaru
  5060 | D:7      | Noticed Crazy Yiuf
  5067 | D:7      | Killed Crazy Yiuf
  5175 | D:8      | Found an ancient bone altar of Kikubaaqudgha.
  5205 | D:8      | Reached skill level 5 in Maces & Flails
  5372 | D:8      | Got a transparent scimitar
  5377 | D:8      | Identified the +5 scimitar of Pride {venom, rElec Str+2 Dex+4} (You found it on level 8 of the Dungeon)
  5671 | D:9      | Reached skill level 8 in Fighting
  5671 | D:9      | Reached XP level 10. HP: 87/88 MP: 12/12
  5700 | D:9      | Noticed a kobold demonologist
  5701 | D:9      | Noticed a rust devil
  5956 | D:9      | Killed a kobold demonologist
  6263 | D:9      | Reached **** piety under Okawaru
  6882 | D:10     | Entered Level 10 of the Dungeon
  6902 | D:10     | Found Agecit's Antique Weapon Shop.
  6939 | D:10     | Found a staircase to the Orcish Mines.
  7267 | D:10     | Reached skill level 9 in Fighting
  7319 | D:10     | Got a fine long sword
  7399 | D:10     | Killed an unseen horror
  7399 | D:10     | Reached skill level 5 in Invocations
  7404 | D:10     | Noticed Harold
  7418 | D:10     | Killed Harold
  7418 | D:10     | Reached XP level 11. HP: 56/97 MP: 12/15
  7427 | D:10     | Identified the +7 long sword "Ducaunia" {vamp, rN+ Int+5} (You found it on level 10 of the Dungeon)
  7592 | D:10     | Found a staircase to the Lair.
  7601 | D:10     | Noticed Sonja
  7662 | D:10     | Killed Sonja
  7662 | D:10     | Reached ***** piety under Okawaru
  7683 | D:10     | Identified the +3 leather armour of the Duke {rCorr} (You found it on level 6 of the Dungeon)
  7868 | D:10     | Noticed Gargoyl's ghost (novice DsAK)
  7892 | D:10     | Killed Gargoyl's ghost
  8269 | Lair:1   | Entered Level 1 of the Lair of Beasts
  8326 | Lair:1   | Received a gift from Okawaru
  9035 | Lair:2   | Reached skill level 10 in Fighting
  9084 | Lair:2   | Received a gift from Okawaru
  9367 | Lair:2   | Received a gift from Okawaru
  9442 | Lair:2   | Reached XP level 12. HP: 46/106 MP: 17/17
  9445 | Lair:2   | Noticed a five-headed hydra
  9462 | Lair:2   | HP: 5/107 [five-headed hydra (8)]
  9936 | Lair:3   | Noticed Rupert
  9969 | Lair:3   | Killed Rupert
  9969 | Lair:3   | Reached skill level 10 in Armour
  9969 | Lair:3   | Reached skill level 10 in Shields
 10424 | Lair:3   | Reached skill level 5 in Evocations
 10497 | Lair:3   | Reached skill level 11 in Fighting
 10499 | Lair:3   | Got a twisted plate armour
 10513 | Lair:3   | Identified the cursed +0 plate armour of Lies {rCorr} (You found it on level 3 of the Lair of Beasts)
 11144 | Lair:2   | a five-headed hydra changed into a griffon
 11804 | Lair:4   | Noticed Nergalle
 11811 | Lair:4   | Killed Nergalle
 11811 | Lair:4   | Reached XP level 13. HP: 71/116 MP: 16/19
 12205 | Lair:4   | Noticed Snorg
 12214 | Lair:4   | Reached ****** piety under Okawaru
 12608 | Lair:4   | Reached skill level 10 in Maces & Flails
 12659 | Lair:4   | Killed Snorg
 13024 | Lair:4   | Got a heavily runed scale mail
 13026 | Lair:4   | Got a crystal glaive
 13028 | Lair:4   | Got a crude glaive
 13030 | Lair:4   | Got a smoking pewter amulet
 13062 | Lair:4   | Identified the amulet "Juhoryp" {Faith *Corrode Str+4 Dex+2} (You found it on level 4 of the Lair of Beasts)
 13074 | Lair:4   | Identified the +2 glaive "Estreob" {chop, rElec MR+ Int-2 Dex+4} (You found it on level 4 of the Lair of Beasts)
 13075 | Lair:4   | Lost intelligence.
 13075 | Lair:4   | Identified the +3 glaive "Qygab" {venom, rF+ MP+9 Int-5 Dex+3} (You found it on level 4 of the Lair of Beasts)
 13094 | Lair:4   | Identified the +4 scale mail "Voyly" {Str+6} (You found it on level 4 of the Lair of Beasts)
 13160 | Lair:5   | Reached skill level 12 in Fighting
 13204 | Lair:5   | Received a gift from Okawaru
 13242 | Lair:5   | HP: 2/118 [eight-headed hydra (9)]
 13628 | Lair:5   | Received a gift from Okawaru
 13801 | Lair:5   | Found a snail-covered altar of Cheibriados.
 14218 | Lair:5   | Found a staircase to the Swamp.
 14823 | Lair:6   | Reached XP level 14. HP: 126/127 MP: 20/20
 14900 | Lair:6   | Found a staircase to the Snake Pit.
 15002 | Lair:6   | Noticed Maud
 15023 | Lair:6   | Killed Maud
 15608 | Lair:7   | Reached skill level 13 in Fighting
 15986 | Lair:7   | Received a gift from Okawaru
 16011 | Lair:7   | Got a pitted broad axe {god gift}
 16012 | Lair:7   | Identified the +8 broad axe of the Warrior-Mage {freeze, Str+2} (Okawaru gifted it to you on level 7 of the Lair of Beasts)
 16399 | Lair:7   | Found a staircase to the Slime Pits.
 16632 | Lair:7   | Reached skill level 10 in Axes
 16700 | Lair:8   | Entered Level 8 of the Lair of Beasts
 16963 | Lair:8   | Received a gift from Okawaru
 17041 | Lair:8   | HP: 2/129 [lindwurm/blast of flame (42)]
 17041 | Lair:8   | Slain by a six-headed hydra

Skill      XL: |  1  2  3  4  5  6  7  8  9 10 11 12 13 14 |
---------------+-------------------------------------------+-----
Axes           | 3 4 5 6 7 8 9 10 | 10.7
Fighting       | 4 5 6 8 9 10 11 12 13 | 13.4
Shields        | 4 5 6 7 8 9 10 11 12 | 12.3
Armour         | 4 5 6 7 8 9 10 12 | 12.7
Maces & Flails | 2 3 5 7 8 9 10 11 | 11.4
Invocations    | 2 3 5 7 8 |  8.1
Evocations     | 1 2 3 4 5 6 7 |  7.6

Action                   |  1- 3 |  4- 6 |  7- 9 | 10-12 | 13-15 || total
-------------------------+-------+-------+-------+-------+-------++-------
Melee: War axe           |   139 |   130 |     4 |       |       ||   273
       Mace              |       |       |   270 |   710 |   568 ||  1548
       Broad axe         |       |       |       |       |   131 ||   131
Invok: Heroism           |       |       |       |     9 |     9 ||    18
       Finesse           |       |       |       |     2 |     4 ||     6
 Abil: Evoke Flight      |       |       |       |       |     3 ||     3
Evoke: Wand              |       |       |       |    10 |    10 ||    20
       Lamp of fire      |       |       |       |       |     1 ||     1
  Use: Scroll            |     4 |     5 |     2 |    11 |     7 ||    29
       Potion            |       |     2 |     4 |    11 |     4 ||    21
 Stab: Paralysed         |       |       |       |     1 |     2 ||     3
  Eat: Chunk             |     1 |     4 |    12 |    20 |    17 ||    54
       Beef jerky        |       |       |       |     1 |     1 ||     2
Armor: Scale mail        |    18 |       |   111 |   110 |    89 ||   328
       Chain mail        |    66 |    64 |     8 |       |       ||   138
       Plate armour      |       |       |       |   196 |   213 ||   409
Dodge: Dodged            |    38 |    26 |    60 |   140 |   177 ||   441
Block: Shield            |    86 |    75 |   159 |   376 |   430 ||  1126
